 Dungeon Crawl Stone Soup version 0.23.0 (webtiles) character file.

Game seed: 11353578234692799025

531 Infinimo the Slasher (level 7, 0/55 HPs)
             Began as a Demonspawn Berserker on Feb 9, 2019.
             Was a Priest of Trog.
             Slain by a centaur (8 damage)
             ... on level 5 of the Dungeon.
             The game lasted 00:04:52 (5477 turns).

Infinimo the Slasher (Demonspawn Berserker)         Turns: 5477, Time: 00:04:52

Health: 0/55       AC:  7    Str: 19    XL:     7   Next: 3%
Magic:  7/7        EV: 10    Int:  9    God:    Trog [***...]
Gold:   232        SH:  0    Dex: 12    Spells: 6/6 levels left

rFire    + . .     SeeInvis .   a - +0 falchion
rCold    + . .     Gourm    .   (no shield)
rNeg     . . .     Faith    .   m - +0 scale mail
rPois    .         Spirit   .   (no helmet)
rElec    .         Reflect  .   (no cloak)
rCorr    .         Harm     .   (no gloves)
MR       ++...                  (no boots)
Stlth    +.........             n - amulet of rage
HPRegen  1.18/turn              f - ring of protection from cold
MPRegen  0.10/turn              (no ring)

@: berserk cooldown, starving, regenerating, slowed, very slow
A: fire resistance 1, nightstalker 1
a: Berserk, Trog's Hand, Renounce Religion, Evoke Berserk Rage


You were on level 5 of the Dungeon.
You worshipped Trog.
Trog was most pleased with you.
You were starving.

You visited 1 branch of the dungeon, and saw 5 of its levels.

You collected 232 gold pieces.

Inventory:

Hand Weapons
 a - a +0 falchion (weapon)
Armour
 m - a +0 scale mail (worn)
Jewellery
 f - a ring of protection from cold (left hand)
 n - an amulet of rage (around neck)
Scrolls
 d - 4 scrolls of remove curse
 e - 3 scrolls of identify
Potions
 b - a potion of curing {unknown}
 g - a potion of lignification {unknown}
 h - 2 potions of brilliance
 j - a potion of magic {unknown}
 k - a potion of berserk rage
 l - a potion of invisibility
Comestibles
 c - 3 rations


   Skills:
 + Level 4.7 Fighting
 * Level 5.5 Long Blades
 + Level 3.7 Armour
 - Level 1.7 Dodging


You had 6 spell levels left.
You didn't know any spells.
Your spell library was empty.

Dungeon Overview and Level Annotations

Branches:
Dungeon (5/15)
 Temple: D:4-7

Altars:
Ashenzari
Makhleb
Okawaru
Trog
Zin


Innate Abilities, Weirdness & Mutations

Your flesh is heat resistant. (rF+)
You are slightly more attuned to the shadows.


Message History

The giant cockroach is moderately wounded.
The giant cockroach bites you.
The giant cockroach is moderately wounded.
You riposte.
You kill the giant cockroach!
Trog accepts your kill.
The centaur shoots an arrow.
The arrow hits you.
The centaur shoots an arrow.
Something hits you.
* * * LOW HITPOINT WARNING * * *
Something shocks you.
* * * LOW HITPOINT WARNING * * *
The centaur unwields a +0 shortbow.
The centaur hits you.
* * * LOW HITPOINT WARNING * * *
You see here a giant cockroach corpse.
Okay, then.
Your skin crawls.
You feel resistant to hostile enchantments.
You are starving!
The centaur hits you!
You die...

.........'.#####
#.###....#....[#.#
#.# #....##.##.#.#
#+# #....##..#.#.#
########.#.#.#
#.#.#.# #...#.#
##..#(#
#..#@######
##.{c......
#.#.###### #...#
##..# #).# ##.#
#†## #..#


You could see a centaur.

Vanquished Creatures
  A sky beast (D:5)
  A scorpion (D:5)
  A howler monkey (D:5)
  A crimson imp (D:5)
  A hound (D:5)
  3 orc wizards (D:5)
  Robin (D:4)
  4 adders
  4 gnolls (D:2)
  A shadow imp (D:5)
  4 worms
  A dart slug (D:1)
  3 leopard geckos
  10 orcs
  4 ball pythons
  8 bats
  7 giant cockroaches
  14 goblins
  5 hobgoblins
  3 jackals (D:3)
  A quokka (D:2)
  A frilled lizard (D:3)
  A jackal zombie (D:5)
  7 kobolds
  10 rats
97 creatures vanquished.

Notes
Turn   | Place    | Note
-------+----------+-------------------------------------------
     0 | D:1      | Infinimo the Demonspawn Berserker began the quest for the
                  | Orb.
     0 | D:1      | Reached XP level 1. HP: 18/18 MP: 1/1
   345 | D:1      | Reached skill level 3 in Long Blades
   413 | D:1      | Gained mutation: Your flesh is heat resistant. (rF+)
                  | [demonic ancestry]
   413 | D:1      | Reached XP level 2. HP: 24/24 MP: 2/2
  1540 | D:2      | Reached XP level 3. HP: 21/29 MP: 3/3
  2035 | D:2      | Reached XP level 4. HP: 33/35 MP: 4/4
  2307 | D:2      | Found a bloodstained altar of Trog.
  2388 | D:2      | Reached ** piety under Trog
  2457 | D:2      | Found a burning altar of Makhleb.
  2477 | D:2      | Found a faded altar of an unknown god.
  2486 | D:2      | Reached skill level 4 in Long Blades
  3163 | D:2      | Gained mutation: You are slightly more attuned to the
                  | shadows. [demonic ancestry]
  3163 | D:2      | Reached XP level 5. HP: 17/42 MP: 5/5
  3448 | D:2      | Found a glowing silver altar of Zin.
  4800 | D:4      | Found a shattered altar of Ashenzari.
  4820 | D:4      | Noticed Robin
  4828 | D:4      | Killed Robin
  4973 | D:5      | Entered Level 5 of the Dungeon
  5070 | D:5      | Reached XP level 6. HP: 46/48 MP: 6/6
  5294 | D:5      | Noticed a sky beast
  5301 | D:5      | Killed a sky beast
  5301 | D:5      | Reached *** piety under Trog
  5301 | D:5      | Reached skill level 5 in Long Blades
  5436 | D:5      | Found an iron altar of Okawaru.
  5437 | D:5      | Noticed a sky beast
  5468 | D:5      | Reached XP level 7. HP: 23/55 MP: 7/7
  5477 | D:5      | Slain by a centaur

Skill      XL: |  1  2  3  4  5  6 |
---------------+-------------------+-----
Long Blades    | 3 4 5 |  5.5
Armour         | 2 3 |  3.7
Fighting       | 4 |  4.7
Dodging        | |  1.7

Action                   |  1- 3 |  4- 6 |  7- 9 || total
-------------------------+-------+-------+-------++-------
Melee: Falchion          |    86 |   233 |     3 ||   322
Invok: Berserk           |     6 |     8 |       ||    14
       Trog's Hand       |       |       |     1 ||     1
  Use: Scroll            |       |    10 |       ||    10
 Stab: Sleeping          |     1 |     1 |       ||     2
  Eat: Chunk             |     5 |    14 |       ||    19
       Ration            |     1 |     1 |       ||     2
Armor: Animal skin       |    19 |    21 |       ||    40
       Scale mail        |       |    30 |     4 ||    34
Dodge: Dodged            |    52 |   120 |     6 ||   178
       Rpst.: Falchion   |    17 |    30 |     1 ||    48
